 Dungeon Crawl Stone Soup version 0.24.0-123-gd5b16e6ec5 (webtiles) character file.

Game seed: 5786183913219333622, levelgen mode: deterministic

109 vurker the Twirler (level 4, 0/41 HPs)
             Began as a Gnoll Wanderer on Feb 1, 2020.
             Succumbed to an orc priest's poison
             ... on level 3 of the Dungeon.
             The game lasted 00:02:43 (1704 turns).

vurker the Twirler (Gnoll Wanderer)                 Turns: 1704, Time: 00:02:43

Health: 0/41       AC:  7    Str: 15    XL:     4   Next: 89%
Magic:  5/5        EV: 11    Int: 13    God:
Gold:   96         SH:  0    Dex: 16    Spells: 5/5 levels left

rFire    . . .     SeeInvis .   a - +2 quarterstaff
rCold    . . .     Gourm    .   (shield currently unavailable)
rNeg     . . .     Faith    .   s - +1 scale mail {MR+}
rPois    .         Spirit   .   (no helmet)
rElec    .         Reflect  .   m - scarf {repulsion}
rCorr    .         Harm     .   (no gloves)
MR       +....                  (no boots)
Stlth    ++........             g - amulet of regeneration
HPRegen  0.53/turn              (no ring)
MPRegen  0.09/turn              (no ring)

@: lethally poisoned (0 -> -23), repel missiles
A: distributed training, fangs 1, deterioration 1, robust 1, sturdy frame 1,
strong nose
a: no special abilities


You were on level 3 of the Dungeon.
You were hungry.

You visited 1 branch of the dungeon, and saw 3 of its levels.

You collected 96 gold pieces.

Inventory:

Hand Weapons
 a - a +2 quarterstaff (weapon)
 f - a +0 dagger
Armour
 m - a scarf of repulsion (worn)
   (You found it on level 1 of the Dungeon)
 s - a +1 scale mail of magic resistance (worn)
   (You found it on level 2 of the Dungeon)
Jewellery
 g - an amulet of regeneration (around neck)
   (You found it on level 1 of the Dungeon)
 i - an uncursed amulet of faith
   (You found it on level 1 of the Dungeon)
Scrolls
 c - a scroll of teleportation
 h - a scroll of random uselessness {unknown}
 k - 3 scrolls of identify {unknown}
 l - a scroll of enchant weapon {unknown}
 n - a scroll of fear {unknown}
 p - a scroll of remove curse {unknown}
 r - a scroll of amnesia {unknown}
Potions
 b - a potion of lignification
 d - a potion of degeneration {unknown}
 o - a potion of magic {unknown}
 q - a potion of mutation
 t - a potion of haste {unknown}
Comestibles
 e - 9 rations


   Skills:
 + Level 4.7 Fighting
 + Level 1.2 Short Blades
 + Level 1.2 Long Blades
 + Level 1.2 Axes
 + Level 1.2 Maces & Flails
 + Level 1.2 Polearms
 + Level 6.6 Staves
 + Level 1.2 Slings
 + Level 1.2 Bows
 + Level 1.2 Crossbows
 + Level 2.8 Throwing
 + Level 1.2 Armour
 + Level 2.8 Dodging
 + Level 6.1 Stealth
 + Level 1.2 Shields
 + Level 1.2 Unarmed Combat
 + Level 1.2 Spellcasting
 + Level 1.0 Conjurations
 + Level 1.0 Hexes
 + Level 1.0 Charms
 + Level 1.0 Summonings
 + Level 1.0 Necromancy
 + Level 1.0 Translocations
 + Level 1.0 Transmutations
 + Level 1.0 Fire Magic
 + Level 1.0 Ice Magic
 + Level 1.0 Air Magic
 + Level 1.0 Earth Magic
 + Level 1.0 Poison Magic
 + Level 1.3 Invocations
 + Level 1.2 Evocations


You had 5 spell levels left.
You didn't know any spells.
Your spell library was empty.

Dungeon Overview and Level Annotations

Branches:
Dungeon (3/15)

Altars:
Elyvilon
Zin


Innate Abilities, Weirdness & Mutations

Your experience applies equally to all skills.
You have very sharp teeth.
Your uncanny sense of smell can sniff out nearby items.
Your body sometimes deteriorates upon taking damage.
You are robust. (+10% HP)
Your movements are slightly less encumbered by armour. (ER -2)


Message History

Unknown command.
Unknown command.
Unknown command.
You closely miss the orc priest. Your bite misses the orc priest.
You feel sick.
The orc priest hits you with a +2 dagger of venom.
* * * LOW HITPOINT WARNING * * *
You are more poisoned.
You barely miss the orc priest. You bite the orc priest.
You feel sick.
The orc priest hits you but does no damage.
You are more poisoned.
You hit the orc priest.
You feel sick.
The orc priest miscasts a cantrip.
You hit the orc priest but do no damage.
You feel sick. The orc priest barely misses you.
You hit the orc priest but do no damage.
You bite the orc priest, but do no damage.
You feel sick. The orc priest closely misses you.
You hit the orc priest.
You feel sick.
The orc priest hits you but does no damage.
You are more poisoned.
Your scale mail prevents you from hitting the orc priest.
* * * LOW HITPOINT WARNING * * *
You feel sick.
The orc priest hits you with a +2 dagger of venom.
* * * LOW HITPOINT WARNING * * *
You are more poisoned.
All of the chunks of flesh in your inventory have rotted away.
You hit the orc priest but do no damage.
You bite the orc priest.
* * * LOW HITPOINT WARNING * * *
You feel very sick. The orc priest misses you.
You closely miss the orc priest.
* * * LOW HITPOINT WARNING * * *
You feel sick.
The orc priest hits you with a +2 dagger of venom.
* * * LOW HITPOINT WARNING * * *
You are more poisoned.
You completely miss the orc priest.
You bite the orc priest, but do no damage.
* * * LOW HITPOINT WARNING * * *
You feel sick.
The orc priest hits you but does no damage.
You are more poisoned.
It was a potion of mutation.
You feel extremely strange.
You feel less encumbered by your armour.
You feel yourself wasting away.
You feel robust.
You are feeling hungry.
You die...

#.# #.#
#.# #.#
#o# #.#
#.# #.###
#.)@#
######o##
.........#
..#####..#
#..# #..#
#..# #...
#.##


You could see an orc priest.

Vanquished Creatures
  An orc priest (D:3)
  3 adders (D:2)
  An ooze (D:3)
  3 worms (D:2)
  3 dart slugs
  A leopard gecko (D:2)
  An orc (D:3)
  A giant cockroach (D:2)
  4 goblins
  2 hobgoblins
  3 kobolds
  2 quokkas (D:2)
  6 bats
  A frilled lizard (D:2)
  4 rats
36 creatures vanquished.

Notes
Turn   | Place    | Note
-------+----------+-------------------------------------------
     0 | D:1      | vurker the Gnoll Wanderer began the quest for the Orb.
     0 | D:1      | vurker set off with the following items: a +2 quarterstaff,
                  | a potion of lignification, a scroll of teleportation, a +0
                  | robe, a ration, a +0 dagger
     0 | D:1      | Reached XP level 1. HP: 20/20 MP: 1/1
   322 | D:1      | You fall into a shaft and drop 1 floor!
   347 | D:2      | Reached XP level 2. HP: 26/26 MP: 2/2
   890 | D:2      | Reached XP level 3. HP: 25/31 MP: 3/3
  1007 | D:2      | Reached skill level 1 in Invocations
  1102 | D:2      | Reached skill level 1 in Short Blades
  1102 | D:2      | Reached skill level 1 in Long Blades
  1102 | D:2      | Reached skill level 1 in Axes
  1102 | D:2      | Reached skill level 1 in Maces & Flails
  1102 | D:2      | Reached skill level 1 in Polearms
  1102 | D:2      | Reached skill level 1 in Slings
  1102 | D:2      | Reached skill level 1 in Bows
  1102 | D:2      | Reached skill level 1 in Crossbows
  1102 | D:2      | Reached skill level 1 in Armour
  1102 | D:2      | Reached skill level 1 in Shields
  1102 | D:2      | Reached skill level 1 in Unarmed Combat
  1102 | D:2      | Reached skill level 1 in Spellcasting
  1102 | D:2      | Reached skill level 1 in Evocations
  1102 | D:2      | Reached XP level 4. HP: 37/38 MP: 5/5
  1244 | D:2      | Found a white marble altar of Elyvilon.
  1313 | D:2      | Found a glowing silver altar of Zin.
  1693 | D:3      | Reached skill level 1 in Conjurations
  1693 | D:3      | Reached skill level 1 in Hexes
  1693 | D:3      | Reached skill level 1 in Charms
  1693 | D:3      | Reached skill level 1 in Summonings
  1693 | D:3      | Reached skill level 1 in Necromancy
  1693 | D:3      | Reached skill level 1 in Translocations
  1693 | D:3      | Reached skill level 1 in Transmutations
  1693 | D:3      | Reached skill level 1 in Fire Magic
  1693 | D:3      | Reached skill level 1 in Ice Magic
  1693 | D:3      | Reached skill level 1 in Air Magic
  1693 | D:3      | Reached skill level 1 in Earth Magic
  1693 | D:3      | Reached skill level 1 in Poison Magic
  1704 | D:3      | Gained mutation: Your movements are slightly less
                  | encumbered by armour. (ER -2) [potion of mutation]
  1704 | D:3      | Gained mutation: Your body sometimes deteriorates upon
                  | taking damage. [potion of mutation]
  1704 | D:3      | Gained mutation: You are robust. (+10% HP) [potion of
                  | mutation]
  1704 | D:3      | Succumbed to an orc priest's poison

Levels and vault maps discovered:
D:1:      matt_arrival_spirals, layout_loops_corners, minmay_tiny_reverse_x
D:2:      layout_loops_ring, zin_treasury, elyvilon_altar_1, first_ration
D:3:      layout_loops_ring, chequers_ecumenical_altar_simple_redux, tgw_fedhas

Skill      XL: |  1  2  3  4 |
---------------+-------------+-----
Stealth        | 6 |  6.1
Invocations    | 1 |  1.3
Short Blades   | 1 |  1.2
Long Blades    | 1 |  1.2
Axes           | 1 |  1.2
Maces & Flails | 1 |  1.2
Polearms       | 1 |  1.2
Slings         | 1 |  1.2
Bows           | 1 |  1.2
Crossbows      | 1 |  1.2
Armour         | 1 |  1.2
Shields        | 1 |  1.2
Unarmed Combat | 1 |  1.2
Spellcasting   | 1 |  1.2
Evocations     | 1 |  1.2
Conjurations   | 1 |  1.0
Hexes          | 1 |  1.0
Charms         | 1 |  1.0
Summonings     | 1 |  1.0
Necromancy     | 1 |  1.0
Translocations | 1 |  1.0
Transmutations | 1 |  1.0
Fire Magic     | 1 |  1.0
Ice Magic      | 1 |  1.0
Air Magic      | 1 |  1.0
Earth Magic    | 1 |  1.0
Poison Magic   | 1 |  1.0
Fighting       | |  4.7
Staves         | |  6.6
Throwing       | |  2.8
Dodging        | |  2.8

Action                   |  1- 3 |  4- 6 || total
-------------------------+-------+-------++-------
Melee: Quarterstaff      |    55 |    43 ||    98
       Bite              |     5 |     8 ||    13
  Use: Potion            |       |     1 ||     1
 Stab: Sleeping          |     9 |     2 ||    11
  Eat: Chunk             |     1 |     1 ||     2
Armor: Robe              |     6 |       ||     6
       Scale mail        |       |    13 ||    13
Dodge: Dodged            |    38 |    21 ||    59
